← All builds
Suicide front / Armada / Economy first / OBSERVED BUILD

Mace bot assault

Armada Suicide front build order · Supreme Isthmus

An economy-first start rushes Mace out of the Bot Lab from around 2:02, well ahead of the role's norm, to push a stronger bot assault into the middle before shifting to the usual mixed army.

#rush #push · 108 distinct matches · 30 players · 3% of Armada Suicide front games · team won 53% of 110 · Recently observed

THE CATCH, AND WHAT COMES WITH IT
  • MaceT1 bot assault from 2:02 · 11% of role by thenFrom the Bot Lab. Only 11% of Suicide front games have it by then; others who build it get it around 2:10
  • MaceMace in 85%5% of all Suicide front games by then

Where those units first fight, in 110 games with kill data: in the middle 98%.

Those units destroy a typical 2,880 metal of enemy units by 15:00.

Then transitions into rocketeer (8% of army).

HOW TO PLAY IT

Key timing: Mace by 2:03

  1. Open single mex straight into Bot Lab by 0:44.
  2. Grab more mex and wind while lab keeps producing.
  3. Push Mace-led bot assault into middle ahead of schedule.
  4. Keep reinforcing with Mace, add Centurion for anti-swarm.
  5. Transition into usual Centurion/Blitz mix with T2 cons.

Phase by phase

TYPICAL OF ITS 108 GAMES · AGAINST STANDARD SUICIDE FRONT
  1. 1
  2. 2
  3. 3
  4. 4
PLAY THE OPENING

Follow the example game's first 6:00 step by step: what to build now, what comes next, and where it goes. At 1× it keeps pace with your own game.

  1. 1

    Up to the Bot Lab

    Economy
    • Metal Extractor2Mex
    Order
    1. Bot LabBot Lab after 2 mexdone ~0:42, middle half 0:27–0:58

    Some games also: Sentry (33%)

    By 0:25 in all: 2 mex

    The example game in this phase · 2 steps
    1. Mex
    2. Bot LabBot Labdone 0:26 · typical 0:42
  2. 2

    Bot Lab to T1 bot assault

    Economy
    • Metal Extractor2Mex
    Order
    1. MaceT1 bot assault after 3 mex, 1 wind
    Builders
    • Construction Bot2 Con bot
    • Lazarus2 Lazarus
    Army
    • Sentry1 Sentry
    • Centurion1 Centurion

    Some games also: wind (43%) · Radar Tower (42%) · tick (35%)

    By 2:02 in all: 3 mex · 1 wind

    The example game in this phase · 10 steps
    1. TickTick
    2. Wind
    3. TickTick
    4. Mex
    5. Construction BotCon bot
    6. LazarusLazarus
    7. Mex
    8. SentrySentry
    9. Construction BotCon bot
    10. MaceMacedone 1:32
  3. 3

    T1 bot assault to 5:00

    Economy
    • Metal Extractor2Mex
    • Wind Turbine5Wind+2 vs standard
    Builders
    • Construction Bot1 Con bot
    • Lazarus1 Lazarus
    Army
    • Sentry2 Sentry
    • Mace11 Mace +11 vs standard

    Some games also: Radar Tower (45%) · con turret (44%) · Beamer (43%)

    The standard build makes here, this one skips: 15 rocketeer

    By 5:00 in all: 5 mex · 6 wind (standard 4)

    The example game in this phase · 20 steps
    1. Mex
    2. MaceMace ×2
    3. SentrySentry
    4. MaceMace ×2
    5. Construction BotCon bot
    6. SentrySentry
    7. RocketeerRocketeer ×5
    8. LazarusLazarus
    9. RocketeerRocketeer ×2
    10. Construction BotCon bot
    11. RocketeerRocketeer
    12. Wind
    13. Radar TowerRadar Tower
    14. RocketeerRocketeer ×3
    15. Mex
    16. Construction BotCon bot
    17. Con turret
    18. Wind
    19. Construction BotCon bot
    20. Wind
  4. 4

    5:00 to 10:00

    Economy
    • Metal Extractor1Mex
    • Wind Turbine16Wind
    Builders
    • Construction Turret2 Con turret
    • Lazarus3 Lazarus
    Army
    • Mace12 Mace +12 vs standard

    Some games also: con bot (38%) · Sentry (35%) · rocketeer (34%) · Radar Tower (34%) · Beamer (33%)

    The standard build makes here, this one skips: 8 rocketeer

    By 10:00 in all: 6 mex · 21 wind · 2 con turret

    The example game in this phase · 121 steps
    1. Wind ×2
    2. Construction BotCon bot ×2
    3. Wind
    4. Construction BotCon bot ×2
    5. Wind
    6. Construction BotCon bot ×2
    7. Wind
    8. Construction BotCon bot ×2
    9. Wind
    10. Construction BotCon bot
    11. Wind
    12. Converter
    13. Construction BotCon bot
    14. Wind
    15. Construction BotCon bot
    16. Wind ×3
    17. CenturionCenturion
    18. Converter
    19. Radar TowerRadar Tower
    20. Wind ×2
    21. Converter
    22. Wind ×4
    23. CenturionCenturion
    24. Converter
    25. Wind ×3
    26. CenturionCenturion
    27. Wind
    28. Converter ×2
    29. Advanced solar
    30. Converter
    31. Wind
    32. Converter ×2
    33. Wind
    34. Bot LabEat Bot Labreclaimed for its metal
    35. Con turret
    36. Wind ×2
    37. Converter
    38. Wind ×3
    39. Converter
    40. Advanced solar
    41. Converter
    42. Con turret
    43. Wind ×3
    44. Converter
    45. Wind
    46. Converter ×2
    47. Wind
    48. Advanced solar
    49. Wind
    50. Converter
    51. Wind ×2
    52. Converter
    53. Advanced Metal ExtractorT2 mexdone 11:31 · typical 10:25
    54. Wind
    55. Converter
    56. Wind ×2
    57. Advanced Metal ExtractorT2 mex
    58. Energy storage
    59. Converter ×6
    60. Wind
    61. Advanced solar
    62. Wind
    63. Advanced Metal ExtractorT2 mex
    64. Converter
    65. Wind
    66. Converter ×2
    67. Wind ×3
    68. Converter
    69. Wind ×2
    70. Converter
    71. Con turret
    72. Wind ×3
    73. Converter
    74. Wind
    75. Con turret
    76. Wind ×3
    77. Fortification WallFortification Wall
    78. Advanced solar
    79. Wind
    80. Fortification WallFortification Wall
    81. Converter
    82. Wind
    83. Fortification WallFortification Wall
    84. Wind ×2
    85. Fortification WallFortification Wall
    86. Converter
    87. Fortification WallFortification Wall ×3
    88. Advanced solar
    89. Wind
    90. SentrySentry
    91. Wind
    92. Converter
    93. Fortification WallFortification Wall ×2
    94. Wind
    95. Fortification WallFortification Wall
    96. Wind
    97. Fortification WallFortification Wall
    98. Wind
    99. Advanced solar
    100. Wind
    101. Fortification WallFortification Wall
    102. Radar TowerRadar Tower
    103. Fortification WallFortification Wall
    104. Wind
    105. Converter
    106. VeilVeil
    107. Wind
    108. Converter
    109. Wind ×2
    110. Con turret
    111. Wind ×2
    112. Converter
    113. Wind ×3
    114. Con turret
    115. Wind ×4
    116. Converter
    117. Wind
    118. Advanced solar
    119. Wind ×2
    120. Pit BullPit Bull
    121. Wind ×3

Counts are medians over the build's games: half of them build more, half fewer. The example game is TheGeneraI's (33 OS, 03/10/2026); pick another.

Team trades

IN AT LEAST 30% OF ITS GAMES

You hand over

Nothing regular.

You get

  • Tidal Generator4 Tidal from Pondfirst at 0:11 · in 71% of games
  • Advanced Construction Bot1 T2 con bot from Tech or Geofirst at 8:26 · in 46% of games

How it plays out

Typical game of this build against the role’s standard build, running totals by minute

  • This build
  • Standard suicide front

Metal produced

010k20k
0:005:0010:0015:00

metal

Enemy metal destroyed

05k10k
0:005:0010:0015:00

metal

Own metal lost

05k10k
0:005:0010:0015:00

metal

110 games.

Show as table
ByMetal produced: This buildMetal produced: Standard suicide frontEnemy metal destroyed: This buildEnemy metal destroyed: Standard suicide frontOwn metal lost: This buildOwn metal lost: Standard suicide front
1:003112300000
2:0094488721000
3:0019222009272184130130
4:0029593110798645573501
5:00399341851509135712331000
6:00509653492180218320811712
7:00627765393768305133392597
8:00738677604606393944283502
9:00843990465296470050854376
10:009395104185796531458125163
11:0010717118946419585866855965
12:0012081136067110640776276686
13:0013781154077602687986347437
14:0014511172987984750589448212
15:0016570192698187810995828991
WHAT THE NUMBERS SAY

Won less often than the standard Suicide front build despite destroying more enemy metal.

  • + Destroys 10959 metal by 15:00 vs standard's 8295
  • + Mace committed by 2:03, far ahead of the 10% norm
  • − Own losses run higher, 11331 vs 9179 by 15:00
  • − Metal produced trails standard by 15:00, 18386 vs 20141
THE EXAMPLE YOU ARE READING

TheGeneraI

32.6 OS · 03/10/2026

Open source match ↗

23 received units · includes a constructor
7 metal received · 4538 energy received

Allied construction assistance is unknown. Timings are observations, not a promise of solo reproducibility.

Typical milestones

Bot Lab0:42Middle 50%: 0:27–0:58 · n=110
Advanced Metal Extractor10:25Middle 50%: 9:03–11:35 · n=67

Played most by

[crd]sisa49games of this buildChaoticNoob10games of this build[Fx]Doo8games of this buildHorlof5games of this buildXXMACGAMERXX4games of this build